 Dungeon Crawl Stone Soup version 0.7.2 character file.

8555 Moorlo the Grappler (level 11, -3/99 HPs)
             Began as a Troll Berserker on Feb 17, 2011.
             Was a High Priest of Trog.
             Slain by Shane's ghost (6 damage)
             ... on Level 1 of the Swamp on Feb 18, 2011.
             The game lasted 02:26:21 (8869 turns).

Moorlo the Grappler (Troll Berserker)               Turns: 8869, Time: 02:26:21

HP  -3/99        AC  6     Str 32 Exp: 11/11664 (2), need: 11510
MP   3/3         EV 12     Int  3      God: Trog [*****.]
Gold 391         SH  0     Dex 10      Spells:  0 memorised, 10 levels left

Res.Fire  : . . .   See Invis. : +     - Unarmed
Res.Cold  : + . .   Warding    : .   j - +1 robe {rC+}
Life Prot.: . . .   Conserve   : +   (shield restricted)
Res.Poison: .       Res.Corr.  : .   (helmet restricted)
Res.Elec. : .       Clarity    : .   (no cloak) Spirit.Shd: . Stasis : .
                                     (gloves unavailable)
Sust.Abil.: . .     Rnd.Telep. : .   (boots unavailable)
Res.Mut.  : .       Ctrl.Telep.: .   q - amulet of conservation
Res.Rott. : .       Levitation : .   m - +3 ring of strength
Gourmand  : +       Ctrl.Flight: .   G - ring of see invisible

@: somewhat resistant to hostile enchantments, very unstealthy
A: unfitting armour, claws 3, fast metabolism 3, gourmand, regeneration 2,
saprovore 2, tough skin 2, AC +1
a: Burn Spellbooks, Berserk, Trog's Hand, Brothers in Arms, Renounce Religion


You were on level 1 of the Swamp.
You worshipped Trog.
Trog was exalted by your worship.
You were very full.

You visited 3 branches of the dungeon, and saw 13 of its levels.
You visited 2 portal chambers: sewer, ossuary.

You collected 467 gold pieces.
You spent 96 gold pieces at shops.

Inventory:

Armour
 b - a cursed +0 animal skin
 j - a +1 robe of cold resistance (worn)
 y - a +0 troll hide {Purgy}
Magical devices
 o - a wand of frost (1)
 E - a wand of confusion (6) {unknown}
 K - a wand of enslavement (8) {unknown}
 M - a wand of draining (6) {unknown}
 W - a wand of random effects (8) {unknown}
Comestibles
 a - 12 meat rations
 g - 2 rotting chunks of grey rat flesh
 i - 3 bread rations
 p - 2 chunks of grey rat flesh
 H - a pear
 P - 2 chokos
 U - 13 sultanas
 V - 2 rotting chunks of giant frog flesh
 X - a chunk of giant mosquito flesh
 Y - 2 apples
Scrolls
 c - 3 scrolls of enchant weapon II {unknown}
 d - 4 scrolls of identify
 e - a scroll of enchant weapon I {unknown}
 h - 8 scrolls of detect curse
 k - 2 scrolls of noise {unknown}
 l - 5 scrolls of teleportation
 n - 2 scrolls of random uselessness {unknown}
 u - a scroll of magic mapping {unknown}
 A - 2 scrolls of fog {unknown}
 D - 6 scrolls of enchant armour
 F - a scroll of fear {unknown}
 J - a scroll of immolation {unknown}
 T - a scroll of torment {unknown}
Jewellery
 f - an uncursed ring of fire
 m - a +3 ring of strength (right hand)
 q - an amulet of conservation (around neck)
 r - an uncursed amulet of warding
 C - a +4 ring of intelligence
 G - a ring of see invisible (left hand)
 L - an uncursed ring of life protection
Potions
 w - 2 potions of mutation
 x - 4 potions of magic
 z - 2 potions of brilliance {unknown}
 B - 4 potions of might
 I - a potion of restore abilities {unknown}
 N - 3 potions of decay {unknown}
 O - 3 potions of confusion {unknown}
 Q - a potion of agility {unknown}
 R - a potion of degeneration {unknown}
 S - 2 potions of speed {unknown}
 Z - a potion of resistance {unknown}
Books
 t - a book of Summonings

   Spells                             Type                      Level
   Abjuration                         Summoning                    3
   Recall                             Summoning/Translocation      3
   Shadow Creatures                   Summoning                    5
   Summon Ugly Thing                  Summoning                    6
   Haunt                              Necromancy/Summoning         7
   Summon Horrible Things             Summoning                    8
   Trog disapproves of the use of such an item.
 v - a book of Tukima

   Spells                             Type                      Level
   Sure Blade                         Enchantment                  2
   Tukima's Vorpal Blade              Enchantment                  2
   Tukima's Dance                     Enchantment                  3
   Trog disapproves of the use of such an item. You had 2 experience left.


   Skills:
 + Level 5 Fighting
 + Level 4 Armour
 + Level 7 Dodging
 + Level 12 Unarmed Combat


You had 10 spell levels left.
You didn't know any spells.

Dungeon Overview and Level Annotations

Branches:
Dungeon (10/27)            Temple (0/1) D:7            Lair (2/8) D:10
  Swamp (1/5) Lair:2
    Orc: D:6-11

Altars:
Cheibriados
Elyvilon
Fedhas
Kikubaaqudgha
The Shining One
Vehumet
Xom
Zin

Shops:
D:5: [? D:6: ? D:10: *=%


Innate Abilities, Weirdness & Mutations

You are too large for most types of armour.
You have claws for hands.
Your metabolism is lightning-fast.
You like to eat raw meat.
You heal very quickly.
You can eat rotten meat.
You are covered in fur (AC +1).
You have very tough skin (AC +2).


Message History

Your ogre appears confused.
Your ogre rages.
Shane's ghost is engulfed in noxious gasses!
Shane's ghost hits you!
* * * LOW HITPOINT WARNING * * *
Shane's ghost burns you!
You die...

..~~~~...
~.~~...#..#~#
~~~~~~~~~~#~~~#
7~~~~#...#~~.....
~~..~~..~..~~~~##~
..~~#~~.~~~~~~~~~~
77~.%...~~~~~~~
~~~77..<~~~~~~~~~~.
~~.#~~..O#@#~~..~..
~~.~#~7~~#p#~#.~.~~
~~.~77~~..#~......~
7~~~~7##.~~~~~~~~#
~7~7~7.~~~~~7~~~~
~~~7~.~~.~7~~~7~
7~#~~~~.~77#~.
~~~...~~77#.
7~....~~~~


You could see Shane's ghost and a friendly ogre (berserk).

Vanquished Creatures
  Erolcha (D:9)
  A hill giant (D:10)
  Joseph (D:7)
  2 spiny frogs
  A human zombie (Port)
  2 giant toads
  2 wraiths (D:10)
  Edmund (D:6)
  3 yaks (Lair:1)
  Grum (D:9)
  2 hippogriffs
  The ghost of Elynae the Unbeliever, an average HOPr (D:4)
  2 steam dragons
  4 war dogs (D:9)
  Purgy (D:3)
  2 orc warriors
  3 ice beasts
  2 ogres
  An elf zombie (Port)
  2 centaurs
  Sigmund (D:2)
  3 water moccasins
  A big kobold (D:10)
  A centaur zombie (Port)
  A water moccasin zombie (D:8)
  Blork the orc (D:7)
  6 giant frogs
  3 killer bees (D:10)
  A jellyfish (D:10)
  A big kobold zombie (Port)
  An imp (D:6)
  4 giant beetles
  4 hounds
  A big fish (D:5)
  2 orc priests
  2 iguanas (Lair:1)
  2 scorpions
  8 orc wizards
  4 giant ants
  A giant ant zombie (D:6)
  A worm zombie (D:8)
  Ijyb (D:3)
  2 mummies (Port)
  8 gnolls
  22 snakes
  2 giant centipedes (Lair:2)
  7 green rats
  An iguana zombie (D:5)
  2 snake zombies (Port)
  2 giant mites (Lair:1)
  A snake skeleton (D:7)
  5 giant mosquitos
  5 worms
  30 grey rats
  4 giant geckos
  An ooze (D:4)
  7 giant cockroaches
  13 goblins
  18 hobgoblins
  7 jackals
  25 kobolds
  20 orcs
  13 small snakes
  17 giant bats
  10 giant newts
  A goblin zombie (Port)
  14 hobgoblin zombies (Port)
  A jackal zombie (Port)
  3 kobold zombies (Port)
  2 orc skeletons
  11 orc zombies
  4 quokkas
  A quokka zombie (D:5)
  19 rats
  A rat skeleton (D:4)
  A rat zombie (Port)
  A small snake skeleton (D:10)
  A bush (Lair:1)
  15 fungi
  9 plants
  2 toadstools (D:5)
393 creatures vanquished.

Vanquished Creatures (collateral kills)
  Prince Ribbit (D:7)
  2 fire drakes (Lair:2)
  A giant goldfish (D:10)
  A centaur (Lair:2)
  A giant frog (D:7)
  2 electric eels (D:10)
  A hound (D:7)
  A giant ant (D:7)
  A snake (Port)
  3 green rats
  A worm (D:10)
  A grey rat (Port)
  An ooze (Port)
  A hobgoblin (D:7)
  A kobold (D:7)
  A rat (D:10)
  3 small snakes (Port)
  A bush (Lair:2)
24 creatures vanquished.

Vanquished Creatures (others)
  An ogre (Port)
  A green rat (Lair:2)
  A hobgoblin (D:7)
  An orc (D:10)
  A kobold (D:7)
  A rat (D:7)
  2 toadstools
8 creatures vanquished.

Grand Total: 425 creatures vanquished

Notes
Turn   | Place    | Note
--------------------------------------------------------------
     0 | D:1      | Moorlo, the Troll Berserker, began the quest for the Orb.
     0 | D:1      | Reached XP level 1. HP: 18/18 MP: 0/0
   598 | D:1      | Reached XP level 2. HP: 19/25 MP: 0/0
   705 | D:2      | Found a radiant altar of Vehumet.
   793 | D:2      | Found an ancient bone altar of Kikubaaqudgha.
   939 | D:2      | Acquired Trog's second power
   966 | D:2      | Noticed Sigmund
   984 | D:2      | Defeated Sigmund
   984 | D:2      | Reached XP level 3. HP: 33/33 MP: 1/1
   984 | D:2      | Reached XP level 4. HP: 40/40 MP: 1/1
  1303 | D:2      | Reached skill 4 in Unarmed Combat
  1362 | D:2      | Reached XP level 5. HP: 48/48 MP: 1/1
  1490 | D:3      | Noticed Purgy
  1494 | D:3      | Defeated Purgy
  1623 | D:3      | Reached skill 1 in Armour
  1654 | D:3      | Reached XP level 6. HP: 30/55 MP: 2/2
  1669 | D:3      | Noticed Ijyb
  1689 | D:3      | Reached skill 5 in Unarmed Combat
  1689 | D:3      | Defeated Ijyb
  2221 | D:4      | Reached skill 6 in Unarmed Combat
  2486 | D:4      | Reached XP level 7. HP: 64/64 MP: 2/2
  2596 | D:4      | Noticed Elynae's ghost
  2606 | D:4      | Defeated Elynae's ghost
  2655 | D:5      | Entered Level 5 of the Dungeon
  2669 | D:5      | Reached skill 7 in Unarmed Combat
  2757 | D:5      | Found Fruj's Armour Shop.
  2791 | D:5      | Found a white marble altar of Elyvilon.
  2997 | D:5      | Found a glowing drain. 3030
                  | sewer
                  | Entered the sewers 3053
                  | sewer
                  | Acquired Trog's third power 3268
                  | sewer
                  | Reached XP level 8. HP: 65/71 MP: 2/2 3350
                  | sewer
                  | Reached skill 8 in Unarmed Combat
  3817 | D:5      | Found Shakh's Magic Scroll Emporium.
  3826 | D:5      | Bought a scroll of identify for 28 gold pieces
  4181 | D:6      | Found Doroll's Magic Scroll Shop.
  4188 | D:6      | Found a blossoming altar of Fedhas.
  4190 | D:6      | Bought a scroll of curse weapon for 1 gold piece
  4190 | D:6      | Bought a scroll of enchant armour for 67 gold pieces
  4518 | D:6      | Noticed Edmund
  4528 | D:6      | Defeated Edmund
  4550 | D:6      | Found a glowing golden altar of the Shining One.
  4988 | D:7      | Noticed Joseph
  5008 | D:7      | Defeated Joseph
  5129 | D:7      | Found a staircase to the Ecumenical Temple.
  5187 | D:7      | Noticed Blork the orc
  5198 | D:7      | Defeated Blork the orc
  5198 | D:7      | Reached XP level 9. HP: 76/79 MP: 3/3
  5224 | D:7      | Reached skill 9 in Unarmed Combat
  5231 | D:7      | Reached skill 5 in Dodging
  5235 | D:7      | Found a glowing silver altar of Zin.
  5266 | D:7      | Found a shimmering altar of Xom.
  5294 | D:7      | You fall through a shaft!
  5666 | D:8      | Found a sand-covered staircase. 5682
                  | ossuary
                  | Entered a tomb 5917
                  | ossuary
                  | Reached skill 10 in Unarmed Combat
  6401 | D:8      | Found a snail-covered altar of Cheibriados.
  6458 | D:7      | Noticed Prince Ribbit
  6469 | D:7      | Defeated Prince Ribbit
  6614 | D:8      | Found a blossoming altar of Fedhas.
  6769 | D:9      | Noticed Grum
  6780 | D:9      | Reached XP level 10. HP: 54/89 MP: 3/3
  6790 | D:9      | Defeated Grum
  6829 | D:9      | Noticed Erolcha
  6839 | D:9      | Reached skill 11 in Unarmed Combat
  6840 | D:9      | Defeated Erolcha
  7137 | D:10     | Entered Level 10 of the Dungeon
  7206 | D:10     | Found Ivaalutan's General Store.
  7268 | D:10     | Found Iwnappa's Jewellery Shoppe.
  7429 | D:10     | Reached skill 5 in Fighting
  7603 | D:10     | Found a staircase to the Lair.
  7604 | D:10     | Found Imeog's Food Emporium.
  7647 | Lair:1   | Entered Level 1 of the Lair of Beasts
  7883 | Lair:1   | Reached skill 12 in Unarmed Combat
  8376 | Lair:2   | Found a staircase to the Swamp.
  8513 | Lair:2   | Found a blossoming altar of Fedhas.
  8800 | Swamp:1  | Entered Level 1 of the Swamp
  8810 | Swamp:1  | Noticed Shane's ghost
  8810 | Swamp:1  | Reached XP level 11. HP: 99/99 MP: 3/3
  8869 | Swamp:1  | HP: 3/99 [Shane's ghost (15)]
  8869 | Swamp:1  | Slain by Shane's ghost
